 Dungeon Crawl Stone Soup version 0.24-a0-130-ga3c21ff (webtiles) character file.

Game seed: 12832103955139719432

384 gruber the Cutter (level 7, -1/40 HPs)
             Began as a Kobold Hunter on Feb 26, 2019.
             Slain by a gnoll
             ... wielding a +0 halberd
              (11 damage)
             ... on level 5 of the Dungeon.
             The game lasted 00:05:12 (4024 turns).

gruber the Cutter (Kobold Hunter)                   Turns: 4024, Time: 00:05:13

Health: -1/40      AC:  3    Str: 10    XL:     7   Next: 6%
Magic:  7/7        EV: 17    Int: 12    God:
Gold:   237        SH:  0    Dex: 17    Spells: 6/6 levels left

rFire    . . .     SeeInvis .   e - +6 dagger
rCold    . . .     Gourm    .   (shield restricted)
rNeg     . . .     Faith    .   c - +0 leather armour
rPois    .         Spirit   .   (no helmet)
rElec    .         Reflect  .   (no cloak)
rCorr    .         Harm     .   (no gloves)
MR       .....                  (no boots)
Stlth    ++........             (no amulet)
HPRegen  0.13/turn              (no ring)
MPRegen  0.10/turn              (no ring)

@: no status effects
A: small, carnivore
a: no special abilities


You were on level 5 of the Dungeon.
You were not hungry.

You visited 1 branch of the dungeon, and saw 5 of its levels.

You collected 237 gold pieces.

Inventory:

Hand Weapons
 a - a +1 hand crossbow
 e - a +6 dagger (weapon)
 u - a +0 blowgun
Missiles
 d - 51 bolts
 v - 14 poisoned needles
Armour
 c - a +0 leather armour (worn)
Scrolls
 g - a scroll of identify {unknown}
 i - a scroll of blinking {unknown}
 j - 4 scrolls of remove curse {unknown}
 k - a scroll of enchant weapon {unknown}
 n - a scroll of amnesia {unknown}
 o - 4 scrolls of teleportation {unknown}
 p - a scroll of enchant armour {unknown}
 s - 2 scrolls of noise {unknown}
 x - a scroll of fear {unknown}
 y - a scroll of random uselessness {unknown}
Potions
 b - 4 potions of curing {unknown}
 h - 2 potions of resistance {unknown}
 l - a potion of haste {unknown}
 m - 2 potions of might {unknown}
 q - a potion of ambrosia {unknown}
 r - 2 potions of agility {unknown}
 t - a potion of degeneration {unknown}
 w - a potion of magic {unknown}
Comestibles
 f - 7 rations


   Skills:
 - Level 2.1 Fighting
 - Level 7.1 Short Blades
 - Level 4.8 Crossbows
 * Level 5.1 Dodging
 - Level 1.3 Stealth


You had 6 spell levels left.
You didn't know any spells.
Your spell library contained the following spells:

 Spells                   Type           Power        Failure   Level  Hunger
 Freeze                   Ice            #...         41%         1    ##.....
 Throw Frost              Conj/Ice       #.....       56%         2    ###....
 Ozocubu's Armour         Chrm/Ice       #.......     80%         3    ####...
 Summon Ice Beast         Ice/Summ       #.......     99%         4    #####..
 Throw Icicle             Conj/Ice       #.......     99%         4    #####..


Dungeon Overview and Level Annotations

Branches:
Dungeon (5/15)
 Temple: D:4-7

Altars:
The Shining One

Shops:
D:5 %


Innate Abilities, Weirdness & Mutations

You are small and have problems with some larger weapons.
You are carnivorous and can eat meat at any time.


Message History

The gnoll hits you from afar with a +0 halberd!
The gnoll closely misses you. The orc hits you but does no damage.
The crimson imp shouts, "Away with thee, thou weedy beetle-headed nothing!"
The crimson imp closely misses you.
You hit the orc but do no damage. You hit the orc but do no damage.
The gnoll hits you from afar with a +0 halberd!
* * * LOW HITPOINT WARNING * * *
The orc closely misses you. The crimson imp misses you.
The gnoll barely misses you.
You hit the orc but do no damage. The orc hits you but does no damage.
The crimson imp blinks!
The gnoll barely misses you.
You hit the orc.
The orc is moderately wounded.
The gnoll misses you.
You hit the orc.
The orc is heavily wounded.
The orc completely misses you.
The gnoll hits you from afar with a +0 halberd!
You die...

#..##......#...##
##..###..##......#
#..######...##..###......#.
....##..#..####............
....#..÷#.÷## ##.......###.
####...#...5...###..∩.....##
........#.....g.##...###...####
........#.....g§.#...##........
.........#..##.#@o.#.......#.. .
........##..#..###.#.......### #.
#........##.#.g##..##.......###..
##......(.....g.............#....
#.....#...##........<###..†..#
#...###..####........##..#...#
#...###.##.)'o#..##..#..###.##
#.......##..'.#...#..... #..#
#..#......####.........##........


You could see 2 gnolls, a crimson imp and an orc.

Vanquished Creatures
  A gnoll sergeant (D:5)
  A howler monkey (D:4)
  A crimson imp (D:4)
  A hound skeleton (D:4)
  6 adders
  8 gnolls
  A howler monkey skeleton (D:4)
  A dart slug (D:3)
  4 leopard geckos
  5 orcs
  6 giant cockroaches
  3 goblins
  8 hobgoblins
  7 jackals
  3 quokkas
  9 bats
  6 frilled lizards
  A goblin skeleton (D:4)
  2 goblin zombies (D:4)
  A hobgoblin zombie (D:4)
  7 kobolds
  2 kobold zombies (D:4)
  An orc skeleton (D:4)
  An orc zombie (D:4)
  8 rats
94 creatures vanquished.

Notes
Turn   | Place    | Note
-------+----------+-------------------------------------------
     0 | D:1      | gruber the Kobold Hunter began the quest for the Orb.
     0 | D:1      | Reached XP level 1. HP: 12/12 MP: 1/1
    84 | D:1      | Reached skill level 1 in Short Blades
   222 | D:1      | Reached skill level 2 in Short Blades
   222 | D:1      | Reached XP level 2. HP: 13/17 MP: 2/2
   573 | D:2      | Reached skill level 3 in Short Blades
   573 | D:2      | Reached XP level 3. HP: 21/21 MP: 3/3
   686 | D:2      | Reached skill level 4 in Short Blades
  1225 | D:2      | Reached XP level 4. HP: 20/26 MP: 4/4
  1567 | D:3      | Reached skill level 5 in Short Blades
  1993 | D:3      | Reached XP level 5. HP: 21/30 MP: 5/5
  2370 | D:4      | Reached skill level 6 in Short Blades
  2476 | D:4      | Found a glowing golden altar of the Shining One.
  2609 | D:4      | Reached skill level 7 in Short Blades
  2609 | D:4      | Reached XP level 6. HP: 34/35 MP: 6/6
  3593 | D:5      | Entered Level 5 of the Dungeon
  3593 | D:5      | Found Wanojuu's Food Shop.
  3706 | D:5      | Reached skill level 5 in Dodging
  3706 | D:5      | Reached XP level 7. HP: 9/40 MP: 7/7
  4024 | D:5      | Slain by a gnoll

Levels and vault maps discovered:
D:1:      dpeg_arrival_chase, layout_basic, chequers_arboretum
D:2:      layout_basic
D:3:      wad_lake_hut, layout_rooms, first_ration
D:4:      layout_loops_corners, nicolae_tso_besieged_by_evil,
          nrook_loot_triangle
D:5:      layout_cave_pools, serial_gnoll_camp, gnoll_camp_medium_01,
          gnoll_camp_medium_02, gnoll_camp_mini_hut, gnoll_camp_mini_doghouse,
          gnoll_camp_mini_house, serial_shops, shop_fountains, shop_fountains,
          shop, skrybe_limestone_x, bloody_makhleb

Skill      XL: |  1  2  3  4  5  6 |
---------------+-------------------+-----
Short Blades   | 2 3 4 5 7 |  7.1
Dodging        | 5 |  5.1
Fighting       | |  2.1
Crossbows      | |  4.8
Stealth        | |  1.3

Action                   |  1- 3 |  4- 6 |  7- 9 || total
-------------------------+-------+-------+-------++-------
Melee: Dagger            |    70 |   209 |    17 ||   296
       Short sword       |    11 |       |       ||    11
 Stab: Sleeping          |     1 |     5 |       ||     6
  Eat: Chunk             |       |    10 |     2 ||    12
Armor: Leather armour    |    16 |    26 |     1 ||    43
Dodge: Dodged            |    50 |    98 |    19 ||   167

Table legend:
 A = Non-vault XP
 B = Vault XP
 C = Vault XP percentage of total XP
 D = Non-vault monster count
 E = Vault monster count
 F = Vault count percentage of total count
                 A         B        C        D         E       F
            +---------+---------+-------+---------+---------+-------
      Total |     393 |     156 |  28.4 |      83 |      11 |  11.7
            +---------+---------+-------+---------+---------+-------
        D:1 |      15 |       0 |   0.0 |      10 |       0 |   0.0
        D:2 |      56 |       0 |   0.0 |      21 |       0 |   0.0
        D:3 |      86 |       0 |   0.0 |      26 |       0 |   0.0
        D:4 |     197 |      58 |  22.7 |      18 |       9 |  33.3
        D:5 |      39 |      98 |  71.5 |       8 |       2 |  20.0
            +---------+---------+-------+---------+---------+-------
